 Seeded DCSS version 0.30-a0-219-gf2db51d15e (webtiles) character file.

Game seed: 3736021085809959607 (custom seed)

312 purpskrrrp the Cudgeller (level 5, 0/46 HPs)
             Began as a Demigod Fighter on Oct 6, 2022.
             Slain by an endoplasm (1 damage)
             ... on level 3 of the Dungeon.
             The game lasted 00:07:28 (3160 turns).

purpskrrrp the Cudgeller (Demigod Fighter)          Turns: 3160, Time: 00:07:29

Health: 0/46       AC:  3    Str: 21      XL:     5   Next: 97%
Magic:  7/7        EV:  5    Int: 10      God:
Gold:   198        SH: 17    Dex: 12 (13) Spells: 4/4 levels left

rFire   . . .      SeeInvis .    a - +0 flail
rCold   . . .      Faith    .    l - +0 tower shield
rNeg    . . .      Spirit   .    b - +0 scale mail
rPois   .          Reflect  +    (no helmet)
rElec   .          Harm     .    (no cloak)
rCorr   +          Rampage  .    (no gloves)
Will    .....                    (no boots)
Stlth   ..........               e - amulet of reflection
HPRegen 0.27/turn                p - ring of resist corrosion
MPRegen 0.10/turn                r - +4 ring of protection

@: corroded
A: high MP 1, forlorn, divine attributes
a: no special abilities


You were on level 3 of the Dungeon.
You visited 1 branch of the dungeon, and saw 4 of its levels.
You also visited: Sewer.

You collected 198 gold pieces.

Inventory:

Hand Weapons
 a - a +0 flail (weapon)
Armour
 b - a +0 scale mail (worn)
 c - a +0 buckler
 l - a +0 tower shield (worn)
Jewellery
 e - an amulet of reflection (around neck)
 p - a ring of resist corrosion (left hand)
 r - a +4 ring of protection (right hand)
Wands
 o - a wand of flame (8)
Scrolls
 g - 2 scrolls of butterflies
 k - a scroll of vulnerability
 q - a scroll of enchant weapon {unknown}
 s - 2 scrolls of teleportation {unknown}
Potions
 d - a potion of curing
 f - a potion of cancellation {unknown}
 h - a potion of attraction {unknown}
 i - 2 potions of lignification
 j - a potion of berserk rage {unknown}
 m - a potion of degeneration {unknown}
 n - 2 potions of flight {unknown}
 t - 2 potions of heal wounds {unknown}
 u - a potion of magic {unknown}


   Skills:
 + Level 3.7 Fighting
 * Level 4.0 Maces & Flails
 + Level 3.7 Armour
 + Level 3.7 Shields


You had 4 spell levels left.
You didn't know any spells.
Your spell library contained the following spells:

 Spells                   Type           Power      Damage    Failure   Level
 Beastly Appendage        Tmut           0%         N/A       100%        1
 Wereblood                Tmut           0%         N/A       100%        2
 Spider Form              Tmut/Pois      0%         N/A       100%        3
 Airstrike                Air            0%         2d(0-16)  100%        4
 Summon Lightning Spire   Summ/Air       0%         N/A       100%        4
 Lightning Bolt           Conj/Air       0%         1d11      100%        5


Dungeon Overview and Level Annotations

Branches:
Dungeon (4/15)              Sewer (visited)
 Temple: D:4-7

Annotations:
D:4 Eustachio


Innate Abilities, Weirdness & Mutations

You have an increased reservoir of magic. (+10% MP)
You shall have no god before yourself.
Your divine heritage dramatically boosts your attributes as you level up.


Message History

Eustachio blinks!
The ball python bites you but does no damage.
The ball python constricts you.
Your Maces & Flails skill increases to level 4!
You escape the ball python's grasp.
The endoplasm attacks as you move away! You block the endoplasm's attack.
Eustachio mumbles some strange words.
Eustachio blinks!
There is a stone staircase leading up here.
The endoplasm freezes you.
You are frozen.
* * * LOW HITPOINT WARNING * * *
You block the ball python's attack. x2
You climb upwards.
There is a stone staircase leading down here.
You are too injured to fight recklessly!
You are too injured to fight recklessly!
You are too injured to fight recklessly!
You are too injured to fight recklessly!
You are too injured to fight recklessly!
You are too injured to fight recklessly!
You are too injured to fight recklessly!
You are too injured to fight recklessly!
You are too injured to fight recklessly!
You are too injured to fight recklessly!
You are too injured to fight recklessly!
You are too injured to fight recklessly!
You are too injured to fight recklessly!
You hit the endoplasm.
The endoplasm is lightly wounded.
The endoplasm freezes you.
You are frozen.
* * * LOW HITPOINT WARNING * * *
You hit the endoplasm but do no damage.
The endoplasm is lightly wounded.
The endoplasm freezes you.
You are frozen.
* * * LOW HITPOINT WARNING * * *
The endoplasm hits you.
You die...

############
#.....@....#
#....J.....#
#..........#
#..........#
#......)...#
#..........#
######
#.........>#
#....#
#..........#
#....#
#..........#


You could see an endoplasm.

Vanquished Creatures
  The ghost of purpskrrrp the Sneak, a weakling VSBr (D:3)
  A hound (D:4)
  2 jellies (D:4)
  Terence (D:3)
  A hell rat (Sewer)
  5 adders
  3 river rats (Sewer)
  A worm (D:3)
  A dart slug (D:1)
  4 orcs (D:4)
  6 endoplasms
  2 giant cockroaches
  5 goblins
  4 hobgoblins
  3 quokkas
  3 ball pythons (D:3)
  8 bats
  3 frilled lizards (D:1)
  7 kobolds
  8 rats
69 creatures vanquished.

Notes
Turn   | Place    | Note
-------+----------+-------------------------------------------
     0 | D:1      | purpskrrrp the Demigod Fighter began the quest for the Orb.
     0 | D:1      | Reached XP level 1. HP: 18/18 MP: 3/3
   310 | D:1      | Reached skill level 2 in Maces & Flails
   419 | D:1      | Reached XP level 2. HP: 25/25 MP: 4/4
  1575 | D:2      | Reached XP level 3. HP: 28/31 MP: 5/5
  2002 | D:3      | Noticed Terence
  2016 | D:3      | Killed Terence
  2017 | D:3      | Reached XP level 4. HP: 22/38 MP: 6/6
  2078 | D:3      | Found a runed translucent door.
  2082 | D:3      | Noticed purpskrrrp's ghost (weakling VSBr)
  2198 | D:3      | Reached skill level 3 in Maces & Flails
  2616 | D:3      | Killed purpskrrrp's ghost
  2660 | D:4      | Reached XP level 5. HP: 38/45 MP: 7/7
  2748 | D:4      | Noticed Eustachio
  2775 | D:4      | Identified the +7 hand axe of the Middle {vorpal, rC+}
  2821 | D:4      | Found a glowing drain.
  2836 | Sewer    | Entered a sewer
  3155 | D:4      | Reached skill level 4 in Maces & Flails
  3159 | D:3      | HP: 2/46 [frozen (3)]
  3160 | D:3      | Slain by an endoplasm

Illustrated notes

Levels and vault maps discovered:
D:1:      mrwooster_arrival_statue_2, layout_loops_corners,
          basic_ecumenical_altar
D:2:      layout_basic
D:3:      layout_rooms, ebering_ghost_sewer_d, kennysheep_generic_room_10,
          uniq_terence
D:4:      layout_cave_pools, trog_butcher_becter, portal_sewer_entry_d,
          uniq_eustachio

Skill      XL: |  1  2  3  4  5 |
---------------+----------------+-----
Maces & Flails | 2 3 4 |  4.0
Fighting       | 3 |  3.7
Armour         | 3 |  3.7
Shields        | 3 |  3.7

Action                   |  1- 3 |  4- 6 || total
-------------------------+-------+-------++-------
Melee: Flail             |   104 |   133 ||   237
  Use: Scroll            |     7 |     2 ||     9
       Potion            |       |     6 ||     6
Armor: Scale mail        |    30 |   107 ||   137
Dodge: Dodged            |    32 |    60 ||    92
Block: Buckler           |    47 |    26 ||    73
       Reflection        |     1 |     3 ||     4
       Tower shield      |       |   196 ||   196

Table legend: (Time is in decaauts)
 A = Elapsed time spent in this place.
 B = Non-inter-level travel time spent in this place.
 C = Inter-level travel time spent in this place.
 D = Time resting spent in this place.
 E = Time spent auto-exploring this place.
 F = Levels seen in this place.
 G = Mean time per level.
                   A        B        C        D        E       F      G
               +--------+--------+--------+--------+--------+-----+--------+
         Total |   3287 |   3138 |    149 |    181 |   2171 |   5 |  657.4 |
       Dungeon |   3000 |   2851 |    149 |     32 |   2117 |   4 |  750.0 |
         Sewer |    287 |    287 |      0 |    149 |     54 |   1 |  287.0 |
               +--------+--------+--------+--------+--------+-----+--------+

Top non-repeatable levels by time:
     D:2: 1079 daAuts
     D:1: 871 daAuts
     D:3: 758 daAuts
     D:4: 291 daAuts
   Sewer: 287 daAuts
